 Dungeon Crawl Stone Soup version 0.22.0-49-gab54619 (webtiles) character file.

15 Folque the Vexing (level 2, -2/28 HPs)
             Began as an Ogre Arcane Marksman on Sept 6, 2018.
             Slain by a hobgoblin (3 damage)
             ... on level 1 of the Dungeon.
             The game lasted 00:02:45 (364 turns).

Folque the Vexing (Ogre Arcane Marksman)             Turns: 364, Time: 00:02:46

Health: -2/28      AC:  3    Str: 13    XL:     2   Next: 50%
Magic:  1/4        EV: 10    Int: 14    God:
Gold:   40         SH:  0    Dex:  9    Spells: 1/4 levels left

rFire    . . .     SeeInvis .   g - +0 dagger
rCold    . . .     Gourm    .   (no shield)
rNeg     . . .     Faith    .   a - +0 robe
rPois    .         Spirit   .   (helmet restricted)
rElec    .         Reflect  .   (no cloak)
rCorr    .         Harm     .   (gloves unavailable)
MR       .....                  (boots unavailable)
Stlth    +.........             (no amulet)
HPRegen  0.09/turn              (no ring)
MPRegen  0.09/turn              (no ring)

@: no status effects
A: large, unfitting armour, tough skin 1
a: no special abilities


You were on level 1 of the Dungeon.
You were not hungry.

You visited 1 branch of the dungeon, and saw 1 of its levels.

You collected 40 gold pieces.

Inventory:

Hand Weapons
 g - a +0 dagger (weapon)
Missiles
 d - a throwing net (quivered)
Armour
 a - a +0 robe (worn)
Scrolls
 e - a scroll of blinking {unknown}
 i - 2 scrolls of enchant armour {unknown}
 j - a scroll of remove curse {unknown}
Potions
 h - a potion of berserk rage {unknown}
Comestibles
 b - 6 chunks of flesh
 f - 2 rations


   Skills:
 - Level 2.0 Fighting
 + Level 2.1 Throwing
 - Level 1.7 Dodging
 * Level 1.8 Spellcasting
 - Level 3.0 Hexes


You had one spell level left.
You knew the following spells:

 Your Spells              Type           Power        Failure   Level  Hunger
a - Corona                Hex            #......      7%          1    ##.....
b - Slow                  Hex            #.......     11%         2    ###....

Your spell library contained the following spells:

 Spells                   Type           Power        Failure   Level  Hunger
 Inner Flame              Hex/Fire       #.......     36%         3    ####...
 Portal Projectile        Hex/Tloc       #.....       36%         3    ####...
 Cause Fear               Hex            #.........   56%         4    #####..
 Leda's Liquefaction      Hex/Erth       #.........   78%         4    #####..


Dungeon Overview and Level Annotations

Branches:
Dungeon (1/15)

Altars:


Innate Abilities, Weirdness & Mutations

You are too large for most types of armour.
You have tough skin. (AC +1)


Message History

Things that are here:
a large rock; a club The hobgoblin struggles against the net.
You see here a ring mail.
The hobgoblin struggles against the net.
The hobgoblin struggles against the net.
The net rips apart, and the hobgoblin comes free!
You hit the hobgoblin but do no damage. The hobgoblin hits you.
* * * LOW HITPOINT WARNING * * *
You closely miss the hobgoblin. The hobgoblin hits you.
* * * LOW HITPOINT WARNING * * *
Quivering
c - a large rock for throwing.
Throwing (i - inventory. (/) - cycle)
c - a large rock (quivered)
Press: ? - help, Shift-Dir - straight line, f/p - hobgoblin
Aim: a hobgoblin (softly glowing)
You throw a large rock.
The large rock completely misses the hobgoblin.
The hobgoblin hits you but does no damage.
The hobgoblin hits you.
You die...

### ## #(....
#.#..# #.#.. ###
## #.#.# #..
...####g#.###.#
#.#
##.....@(.....#
..........#####
##.####.[># #.
#..(#######..
#.####..()........
.........#######.#
....##.## .##.##.#
#####.##.##


You could see a hobgoblin.

Vanquished Creatures
  A dart slug (D:1)
  2 giant cockroaches (D:1)
  4 goblins (D:1)
  A hobgoblin (D:1)
  A frilled lizard (D:1)
  A kobold (D:1)
  3 rats (D:1)
13 creatures vanquished.

Notes
Turn   | Place    | Note
-------+----------+-------------------------------------------
     0 | D:1      | Folque the Ogre Arcane Marksman began the quest for the
                  | Orb.
     0 | D:1      | Reached XP level 1. HP: 19/19 MP: 2/2
   202 | D:1      | Reached XP level 2. HP: 22/28 MP: 2/4
   209 | D:1      | Learned a level 2 spell: Slow
   253 | D:1      | Reached skill level 3 in Hexes
   363 | D:1      | HP: 1/28 [hobgoblin (3)]
   364 | D:1      | Slain by a hobgoblin

Skill      XL: |  1  2 |
---------------+-------+-----
Fighting       | 2 |  2.0
Hexes          | 3 |  3.0
Throwing       | |  2.1
Dodging        | |  1.7
Spellcasting   | |  1.8

Action                   || total
-------------------------++-------
Melee: Dagger            ||    43
       Unarmed           ||    15
Throw: Large rock        ||     5
       Throwing net      ||     2
 Cast: Corona            ||    16
 Stab: Held in net/web   ||     1
Armor: Robe              ||    21
Dodge: Dodged            ||    32
